 Dungeon Crawl Stone Soup version 0.28-a0-863-g8cecda6153 (webtiles) character file.

Game seed: 9976917897195147978

127 kae the Unweaver (level 4, 0/35 HPs)
             Began as a Demonspawn Abyssal Knight on Nov 18, 2021.
             Was a Follower of Lugonu.
             Slain by an adder (1 damage)
             ... on level 3 of the Dungeon.
             The game lasted 00:01:14 (2702 turns).

kae the Unweaver (Demonspawn Abyssal Knight)        Turns: 2702, Time: 00:01:15

Health: 0/35       AC:  4    Str: 14    XL:     4   Next: 85%
Magic:  6/6        EV: 11    Int: 12    God:    Lugonu [*.....]
Gold:   137        SH:  0    Dex: 13    Spells: 3/3 levels left

rFire   . . .      SeeInvis .   a - +1 falchion
rCold   . . .      Faith    .   (no shield)
rNeg    . . .      Spirit   .   b - +0 leather armour
rPois   .          Reflect  .   (no helmet)
rElec   .          Harm     .   (no cloak)
rCorr   .          Rampage  .   h - +0 pair of gloves
Will    .....                   (no boots)
Stlth   +.........              (no amulet)
HPRegen 0.11/turn               (no ring)
MPRegen 0.10/turn               (no ring)

@: lethally poisoned (0 -> -5)
A: demonic touch 1
a: Renounce Religion, Depart the Abyss


You were on level 3 of the Dungeon.
You worshipped Lugonu.
Lugonu was aware of your devotion.
You visited 1 branch of the dungeon, and saw 3 of its levels.
You visited the Abyss 1 time.

You collected 137 gold pieces.

Inventory:

Hand Weapons
 a - a +1 falchion (weapon)
Armour
 b - a +0 leather armour (worn)
 h - a +0 pair of gloves (worn)
Scrolls
 c - 4 scrolls of amnesia
 d - 2 scrolls of teleportation
 e - a scroll of fear {unknown}
 f - 4 scrolls of identify


   Skills:
 + Level 3.5 Fighting
 * Level 3.0 Long Blades
 + Level 2.4 Armour
 + Level 1.8 Dodging
 + Level 3.5 Invocations


You had 3 spell levels left.
You didn't know any spells.
Your spell library was empty.

Dungeon Overview and Level Annotations

Branches:
Dungeon (3/15)

Altars:

Annotations:
D:2 Terence


Innate Abilities, Weirdness & Mutations

Your touch may inflict minor irresistible damage on your foes.


Message History

The goblin hits you with a +2 dagger of protection.
The adder closely misses you. The goblin closely misses you.
You barely miss the adder.
You touch the adder.
The adder is heavily wounded.
You feel sick. The adder closely misses you. The goblin barely misses you.
The adder bites you.
You are more poisoned.
The adder poisons you!
You are too injured to fight recklessly!
You are too injured to fight recklessly!
You are too injured to fight recklessly!
You are too injured to fight recklessly!
You are too injured to fight recklessly!
You are too injured to fight recklessly!
You feel sick.
You barely miss the adder.
The adder is heavily wounded.
You feel sick. The adder bites you.
You miss the adder.
The adder is heavily wounded.
You feel sick. The adder bites you.
* * * LOW HITPOINT WARNING * * *
You are lethally poisoned!
The adder poisons you! The adder bites you.
* * * LOW HITPOINT WARNING * * *
You hit the adder.
The adder is severely wounded.
* * * LOW HITPOINT WARNING * * *
You feel very sick. The adder barely misses you.
You closely miss the adder.
The adder is severely wounded.
* * * LOW HITPOINT WARNING * * *
You feel sick. The adder bites you but does no damage.
The adder barely misses you.
You hit the adder. Your touch misses the adder.
The adder is severely wounded.
* * * LOW HITPOINT WARNING * * *
You feel sick. The adder bites you.
You die...

#.. #......... +# #.#
##+...#..... #.#
#.###.#...#....# ..#
#.#..#.........
#.###.#.#....###..
#.#.#..#.........
##.###.#..#.###..
##.#.###'.##.....#
##@....###.##......
#S#####+ #.##.#.###
#...g................)
###.#.###.######......
#. .# #.###.# #. ## #.
#.. #. # ##. #. #. #.
#.####.


You could see an adder and a goblin.

Vanquished Creatures
  A scorpion (D:3)
  A gnoll (D:1)
  2 adders (D:3)
  A worm (D:3)
  2 dart slugs
  5 ball pythons
  A bat (D:3)
  5 endoplasms
  3 giant cockroaches (D:1)
  3 hobgoblins
  2 quokkas
  4 goblins
  A kobold (D:1)
  3 rats
34 creatures vanquished.

Notes
Turn   | Place    | Note
-------+----------+-------------------------------------------
     0 | Abyss:1  | kae the Demonspawn Abyssal Knight began the quest for the
                  | Orb.
     0 | Abyss:1  | Reached XP level 1. HP: 18/18 MP: 2/2
     3 | Abyss:1  | Found a corrupted altar of Lugonu.
    39 | Abyss:1  | Noticed a profane servitor
    40 | D:1      | Escaped the Abyss
   262 | D:1      | Reached skill level 1 in Dodging
   389 | D:1      | Gained mutation: Your touch may inflict minor irresistible
                  | damage on your foes. [demonic ancestry]
   389 | D:1      | Reached XP level 2. HP: 19/24 MP: 3/3
   461 | D:1      | Reached * piety under Lugonu
   542 | D:1      | Reached XP level 3. HP: 29/29 MP: 5/5
   951 | D:2      | Found a faded altar of an unknown god.
  1379 | D:3      | Noticed Terence
  1393 | D:2      | HP: 1/29 [Terence (9)]
  2332 | D:3      | Noticed a scorpion
  2336 | D:3      | Reached XP level 4. HP: 35/35 MP: 6/6
  2348 | D:3      | Killed a scorpion
  2352 | D:3      | HP: 1/35 [poisoned by a scorpion]
  2702 | D:3      | HP: 1/35 [poisoned by an adder]
  2702 | D:3      | Slain by an adder

Illustrated notes

Levels and vault maps discovered:
D:1:      matt_arrival_grand_opening, layout_rooms
D:2:      layout_rooms, hellmonk_ecumenical_altar_lost_god,
          minmay_misc_feat_diagonals, nicolae_figureground_sparkle
D:3:      layout_loops_ring, roderic_cross_of_infinity,
          minmay_misc_feat_columns, uniq_terence

Skill      XL: |  1  2  3  4 |
---------------+-------------+-----
Dodging        | 1 |  1.8
Long Blades    | 2 3 |  3.0
Armour         | 2 |  2.4
Invocations    | 3 |  3.5
Fighting       | |  3.5

Action                   |  1- 3 |  4- 6 || total
-------------------------+-------+-------++-------
Melee: Falchion          |    91 |    22 ||   113
       Touch             |    13 |     4 ||    17
Invok: Depart the Abyss  |     1 |       ||     1
  Use: Scroll            |     6 |       ||     6
       Potion            |     1 |       ||     1
 Stab: Sleeping          |     1 |     1 ||     2
Armor: Leather armour    |    19 |     6 ||    25
Dodge: Dodged            |    48 |    14 ||    62

Table legend: (Time is in decaauts)
 A = Elapsed time spent in this place.
 B = Non-inter-level travel time spent in this place.
 C = Inter-level travel time spent in this place.
 D = Time resting spent in this place.
 E = Time spent auto-exploring this place.
 F = Levels seen in this place.
 G = Mean time per level.
                   A        B        C        D        E       F      G
               +--------+--------+--------+--------+--------+-----+--------+
         Total |   2705 |   2623 |     82 |    319 |   1990 |   4 |  676.2 |
       Dungeon |   2665 |   2583 |     82 |    319 |   1953 |   3 |  888.3 |
         Abyss |     40 |     40 |      0 |      0 |     37 |   1 |   40.0 |
               +--------+--------+--------+--------+--------+-----+--------+

Top non-repeatable levels by time:
     D:1: 1074 daAuts
     D:3: 811 daAuts
     D:2: 778 daAuts
 Abyss:1: 40 daAuts
